 Dungeon Crawl Stone Soup version 0.17-a0-1900-g45e8110 (webtiles) character file.

47 Ijustatesigmund the Vandal (level 3, 0/24 HPs)
             Began as a Halfling Hunter on Sept 24, 2015.
             Slain by Crazy Yiuf
             ... wielding a +4 quarterstaff of chaos
              (5 damage)
             ... on level 2 of the Dungeon.
             The game lasted 00:02:47 (1186 turns).

Ijustatesigmund the Vandal (Halfling Hunter)        Turns: 1186, Time: 00:02:47

Health: 0/24       AC:  3    Str: 12    XL:     3   Next: 97%
Magic:  3/3        EV: 14    Int: 10    God:
Gold:   61         SH:  0    Dex: 15    Spells: 0 memorised, 2 levels left

rFire  . . .     SeeInvis .     a - +1 hunting sling
rCold  . . .     Clarity  .     d - +0 leather armour
rNeg   . . .     SustAt   .     (shield restricted)
rPois  .         Gourm    .     (no helmet)
rElec  .         Spirit   .     (no cloak)
rCorr  .         Warding  .     (no gloves)
rMut   .         Stasis   .     (no boots)
MR     .....                    (no amulet)
Stlth  ++........               (no ring)
                                (no ring)

@: lethally poisoned (0 -> -10), invisible, not resistant to hostile
enchantments, unstealthy
A: mutation resistance 1
a: no special abilities


You were on level 2 of the Dungeon.
You were hungry.

You visited 1 branch of the dungeon, and saw 2 of its levels.

You collected 61 gold pieces.

Inventory:

Hand weapons
 a - a +1 hunting sling (weapon)
 c - a +0 short sword
Missiles
 b - 6 sling bullets (quivered)
 g - 74 stones
Armour
 d - a +0 leather armour (worn)
Jewellery
 p - an uncursed ring of ice {unknown}
Scrolls
 m - a scroll of identify {unknown}
 q - a scroll of teleportation {unknown}
 u - 3 scrolls of remove curse {unknown}
 v - a scroll of immolation {unknown}
Potions
 i - 2 potions of curing {unknown}
 j - a potion of cure mutation {unknown}
 k - a potion of degeneration {unknown}
 l - a potion of brilliance {unknown}
 n - a potion of invisibility
 r - a potion of lignification {unknown}
 s - a potion of mutation {unknown}
Comestibles
 e - a bread ration
 f - a beef jerky
 h - 3 meat rations
 o - a slice of pizza
 t - a royal jelly


   Skills:
 - Level 1.7 Fighting
 * Level 7.2 Slings
 - Level 2.1 Dodging
 + Level 2.3 Stealth


You had 2 spell levels left.
You didn't know any spells.

Dungeon Overview and Level Annotations

Branches:
Dungeon (2/15)

Altars:

Annotations:
D:2 Crazy Yiuf


Innate Abilities, Weirdness & Mutations

You are small and have problems with some larger weapons.
You are somewhat resistant to further mutation.


Message History

Crazy Yiuf hits you with a quarterstaff of chaos!
You are lethally poisoned!
Firing (i - inventory. (,) - cycle):
b - 7 sling bullets (quivered)
Press: ? - help, Shift-Dir - straight line, f/p - Crazy Yiuf
Aim: Crazy Yiuf, wielding a quarterstaff of chaos and wearing a cloak (heavily wounded)
You shoot a sling bullet.
The sling bullet barely misses Crazy Yiuf.
You feel sick.
Crazy Yiuf hits you with a quarterstaff of chaos.
* * * LOW HITPOINT WARNING * * *
You are too injured to fight recklessly!
You are too injured to fight recklessly!
You are too injured to fight recklessly!
Drink which item? (? for menu, Esc to quit)
It was a potion of invisibility.
You fade into invisibility!
* * * LOW HITPOINT WARNING * * *
You feel sick.
Crazy Yiuf hits you with a quarterstaff of chaos.
You die...

#########
##......#
##)###### ##.##..#
##.....# ##.....#
### ######
......## #)()#
##....## ##)####
#.))))####......#
#.#####
#g@#)......#
##.....#
###)#)...#.#
....####
########.# ....#
##.# ....# ### ###
#..# ....#
#.#####.#######.##
....#
#...............#
#.###
#.###############
#.# #.#


You could see Crazy Yiuf.

Vanquished Creatures
  2 oozes
  2 giant geckos (D:1)
  5 bats (D:1)
  2 giant cockroaches (D:1)
  9 goblins
  A hobgoblin (D:1)
  6 jackals
  2 giant newts
  4 kobolds (D:1)
  4 rats (D:1)
37 creatures vanquished.

Notes
Turn   | Place    | Note
--------------------------------------------------------------
     0 | D:1      | Ijustatesigmund the Halfling Hunter began the quest for the Orb.
     0 | D:1      | Reached XP level 1. HP: 14/14 MP: 1/1
   145 | D:1      | Reached skill level 6 in Slings
   152 | D:1      | Reached XP level 2. HP: 19/19 MP: 2/2
   444 | D:1      | Reached XP level 3. HP: 24/24 MP: 3/3
   786 | D:1      | Reached skill level 7 in Slings
  1179 | D:2      | Noticed Crazy Yiuf
  1186 | D:2      | Slain by Crazy Yiuf

Vault maps used:
D:1:      dpeg_arrival_subterranean_lakeside_camping, minmay_crystal_room,
          kennysheep_boxes
D:2:      uniq_iyjb, uniq_robin, uniq_crazy_yiuf_cottage

Action                   || total
-------------------------++-------
 Fire: Hunting sling     ||   100
  Use: Scroll            ||     2
       Potion            ||     1
